A+ - U25
RIVERSIDE RED WAVE @ SAN JOSE GIANTS
09/12/2068
 
TOP OF THE 1ST
Bakersfield Blaze batting - Pitching for Santa Cruz Cruisers : LHP Aaron Kolb
Pitching: LHP Aaron Kolb
Batting: RHB Leonard Collias 0-0: Ground out 4-3 (Groundball, 4, EV 93.1 MPH)
Batting: RHB Carter Evans 0-0: Ground out 6-3 (Groundball, 6, EV 106.9 MPH)
Batting: RHB Chris Bamberger 0-0: Ball
1-0: Called Strike
1-1: Ground out 5-3 (Groundball, 5, EV 83.1 MPH)
Top of the 1st over - 0 runs, 0 hits, 0 errors, 0 left on base; Bakersfield 0 - Santa Cruz 0
BOTTOM OF THE 1ST
Santa Cruz Cruisers batting - Pitching for Bakersfield Blaze : RHP Billy Bui
Pitching: RHP Billy Bui
Batting: SHB K.C. Wear 0-0: Ball
1-0: Called Strike
1-1: Swinging Strike
1-2: Strikes out looking and he ARGUES THE CALL AND IS TOSSED!
Batting: LHB Daniel Calderon 0-0: Fly out, F8 (Flyball, 78XD, EV 78.8 MPH)
Batting: SHB Van Cillo 0-0: Swinging Strike
0-1: Called Strike
0-2: Ball
1-2: Ball
2-2: Fly out, F8 (Flyball, 8LD, EV 104.4 MPH)
Bottom of the 1st over - 0 runs, 0 hits, 0 errors, 0 left on base; Bakersfield 0 - Santa Cruz 0
TOP OF THE 2ND
Bakersfield Blaze batting - Pitching for Santa Cruz Cruisers : LHP Aaron Kolb
Now at 2B: Wilson Babin
Now at SS: Brian Pinkham
Batting: RHB Elpidio Crcamo 0-0: Foul Ball, location: 2F
0-1: Ball
1-1: Fly out, F8 (Flyball, 89D, EV 102.5 MPH)
Batting: LHB Vishon Collins 0-0: Foul Ball, location: 2F
0-1: Ball
1-1: Foul Ball, location: 2F
1-2: Ball
2-2: Foul Ball, location: 2F
2-2: Fly out, F8 (Flyball, 8LD, EV 95.6 MPH)
Batting: RHB Charlie Johns 0-0: Ground out 6-3 (Groundball, 6MD, EV 108.1 MPH)
Top of the 2nd over - 0 runs, 0 hits, 0 errors, 0 left on base; Bakersfield 0 - Santa Cruz 0
BOTTOM OF THE 2ND
Santa Cruz Cruisers batting - Pitching for Bakersfield Blaze : RHP Billy Bui
Batting: LHB Caleb Brown 0-0: Foul Ball, location: 2F
0-1: Ball
1-1: Swinging Strike
1-2: Ball
2-2: Ball
3-2: Strikes out swinging
Batting: LHB Harvey Porter 0-0: Ball
1-0: Fly out, F4 (Popup, 4M, EV 75.0 MPH)
Batting: SHB Justin Mundy 0-0: Fly out, F4 (Popup, 34D, EV 60.6 MPH)
Bottom of the 2nd over - 0 runs, 0 hits, 0 errors, 0 left on base; Bakersfield 0 - Santa Cruz 0
TOP OF THE 3RD
Bakersfield Blaze batting - Pitching for Santa Cruz Cruisers : LHP Aaron Kolb
Batting: RHB Ikerne Tejada 0-0: Swinging Strike
0-1: Ball
1-1: Swinging Strike
1-2: Ball
2-2: Strikes out swinging
Batting: LHB Bryce Flynn 0-0: Called Strike
0-1: Swinging Strike
0-2: Ball
1-2: SINGLE (Groundball, 4D, EV 101.9 MPH)
Batting: LHB Osmar McIntyre 0-0: Foul Ball, location: 2F
0-1: Ball
Wild Pitch!
Bryce Flynn to second
1-1: Called Strike
1-2: SINGLE (Groundball, 4MD, EV 108.8 MPH)
Bryce Flynn to third
Batting: RHB Leonard Collias 0-0: Called Strike
0-1: 3-RUN HOME RUN (Flyball, 7D, EV 96.2 MPH), Distance : 390 ft
Batting: RHB Carter Evans 0-0: Ball
1-0: Swinging Strike
1-1: Ground out 4-3 (Groundball, 4D, EV 79.4 MPH)
Batting: RHB Chris Bamberger 0-0: Ground out U3 (Groundball, 13, EV 83.8 MPH)
Top of the 3rd over - 3 runs, 3 hits, 0 errors, 0 left on base; Bakersfield 3 - Santa Cruz 0
BOTTOM OF THE 3RD
Santa Cruz Cruisers batting - Pitching for Bakersfield Blaze : RHP Billy Bui
Batting: RHB José Teniente 0-0: Ball
1-0: Ball
2-0: Called Strike
2-1: SOLO HOME RUN (Flyball, 8LXD, EV 116.2 MPH), Distance : 445 ft
Batting: RHB Wilson Babin 0-0: Ball
1-0: Ball
2-0: SINGLE (Groundball, P, EV 84.4 MPH) (infield hit)
Batting: RHB Colton Shuster 0-0: Called Strike
0-1: Foul Ball, location: 2F
0-2: Fly out, F8 (Flyball, 78D, EV 93.1 MPH)
Batting: RHB Brian Pinkham 0-0: Foul Ball, location: 2F
0-1: Foul Ball, location: 2F
0-2: Ball
1-2: Strikes out swinging
Batting: LHB Daniel Calderon 0-0: Called Strike
0-1: Ball
1-1: Ball
2-1: SINGLE (Groundball, 4MD, EV 98.8 MPH)
Wilson Babin to second
Runner from 2nd tries for 3rd, SAFE, throw by CF made to third
Batting: SHB Van Cillo 0-0: Called Strike
0-1: 3-RUN HOME RUN (Line Drive, 9LD, EV 96.2 MPH), Distance : 353 ft
Batting: LHB Caleb Brown 0-0: Called Strike
0-1: Foul Ball, location: 2F
0-2: Ball
1-2: Ball
2-2: Ball
3-2: Foul Ball, location: 2F
3-2: Fly out, F8 (Flyball, 78M, EV 94.4 MPH)
Bottom of the 3rd over - 4 runs, 4 hits, 0 errors, 0 left on base; Bakersfield 3 - Santa Cruz 4
TOP OF THE 4TH
Bakersfield Blaze batting - Pitching for Santa Cruz Cruisers : LHP Aaron Kolb
Batting: RHB Elpidio Crcamo 0-0: Called Strike
0-1: Ground out 5-3 (Groundball, 56S, EV 80.6 MPH)
Batting: LHB Vishon Collins 0-0: Ground out 6-3 (Groundball, 6, EV 83.1 MPH)
Batting: RHB Charlie Johns 0-0: Swinging Strike
0-1: Ball
1-1: Called Strike
1-2: Ball
2-2: Strikes out swinging
Top of the 4th over - 0 runs, 0 hits, 0 errors, 0 left on base; Bakersfield 3 - Santa Cruz 4
BOTTOM OF THE 4TH
Santa Cruz Cruisers batting - Pitching for Bakersfield Blaze : RHP Billy Bui
Batting: LHB Harvey Porter 0-0: Swinging Strike
0-1: Fly out, F2 (Popup, 2L, EV 92.5 MPH)
Batting: SHB Justin Mundy 0-0: Called Strike
0-1: Ball
1-1: Ball
2-1: Ball
3-1: SINGLE (Line Drive, 3D, EV 105.0 MPH)
Batting: RHB José Teniente Pickoff Throw to First - Out! 1-3
0-0: Ball
1-0: Fly out, F8 (Flyball, 8RXD, EV 103.1 MPH)
Bottom of the 4th over - 0 runs, 1 hit, 0 errors, 0 left on base; Bakersfield 3 - Santa Cruz 4
TOP OF THE 5TH
Bakersfield Blaze batting - Pitching for Santa Cruz Cruisers : LHP Aaron Kolb
Batting: RHB Ikerne Tejada 0-0: SINGLE (Groundball, 56, EV 105.0 MPH)
Batting: LHB Bryce Flynn 0-0: Foul Ball, location: 2F
0-1: Ball
1-1: Sac Bunt to 25 - play at first, batter OUT! 5-3
Ikerne Tejada to second
Batting: LHB Osmar McIntyre 0-0: SINGLE (Groundball, 34D, EV 102.5 MPH)
Ikerne Tejada to third
Runner from 3rd tries for Home, SAFE, throw by RF to home
Osmar McIntyre to second
Batting: RHB Leonard Collias 0-0: Ball
1-0: Swinging Strike
1-1: Foul Ball, location: 2F
1-2: Foul Ball, location: 2F
1-2: Foul Ball, location: 2F
1-2: Ground out 6-3 (Groundball, 6M, EV 107.5 MPH)
Osmar McIntyre to third
Pitching: LHP Harvey Davis
Batting: RHB Carter Evans 0-0: SINGLE (Line Drive, 34, EV 96.9 MPH)
Osmar McIntyre scores
Batting: RHB Chris Bamberger 0-0: Ball
1-0: Ball
2-0: Called Strike
2-1: Swinging Strike
2-2: Ball
3-2: Ground out 5-3 (Groundball, 56S, EV 85.0 MPH)
Top of the 5th over - 2 runs, 3 hits, 0 errors, 1 left on base; Bakersfield 5 - Santa Cruz 4
BOTTOM OF THE 5TH
Santa Cruz Cruisers batting - Pitching for Bakersfield Blaze : RHP Billy Bui
Batting: RHB Wilson Babin 0-0: Called Strike
0-1: Ball
1-1: Foul Ball, location: 2F
1-2: Ball
2-2: Ground out 5-3 (Groundball, 56S, EV 90.0 MPH)
Batting: RHB Colton Shuster 0-0: Ball
1-0: Ball
2-0: Ball
3-0: Called Strike
3-1: Foul Ball, location: 2F
3-2: Fly out, F7 (Flyball, 7S, EV 84.4 MPH)
Batting: RHB Brian Pinkham 0-0: Fly out, F9 (Flyball, 9LM, EV 88.8 MPH)
Bottom of the 5th over - 0 runs, 0 hits, 0 errors, 0 left on base; Bakersfield 5 - Santa Cruz 4
TOP OF THE 6TH
Bakersfield Blaze batting - Pitching for Santa Cruz Cruisers : LHP Harvey Davis
Batting: RHB Elpidio Crcamo 0-0: Ball
1-0: Foul Ball, location: 2F
1-1: Called Strike
1-2: Ball
2-2: Fly out, F8 (Flyball, 89S, EV 84.4 MPH)
Batting: LHB Vishon Collins 0-0: Called Strike
0-1: Ground out 4-3 (Groundball, 4, EV 85.6 MPH)
Batting: RHB Charlie Johns 0-0: Swinging Strike
0-1: Ball
1-1: Ball
2-1: Ball
3-1: Swinging Strike
3-2: Foul Ball, location: 2F
3-2: Foul Ball, location: 2F
3-2: Base on Balls
Batting: RHB Ikerne Tejada 0-0: Reached on error, E6 (Groundball, 6, EV 90.6 MPH)
Charlie Johns to second
Batting: LHB Bryce Flynn 0-0: Ball
1-0: Fly out, F6 (Popup, 56D, EV 61.2 MPH)
Top of the 6th over - 0 runs, 0 hits, 1 error, 2 left on base; Bakersfield 5 - Santa Cruz 4
BOTTOM OF THE 6TH
Santa Cruz Cruisers batting - Pitching for Bakersfield Blaze : RHP Billy Bui
Batting: LHB Daniel Calderon 0-0: Ball
1-0: Ball
2-0: Ball
3-0: Base on Balls
Batting: SHB Van Cillo 0-0: Called Strike
0-1: Swinging Strike
0-2: Foul Ball, location: 2F
0-2: Grounds into double play, 4-6-3 (Groundball, 34, EV 87.5 MPH)
Batting: LHB Caleb Brown 0-0: Ball
1-0: Called Strike
1-1: Called Strike
1-2: Ball
2-2: SINGLE (Line Drive, 4D, EV 98.8 MPH)
Batting: LHB Harvey Porter 0-0: Called Strike
0-1: Swinging Strike
0-2: Strikes out looking
Bottom of the 6th over - 0 runs, 1 hit, 0 errors, 1 left on base; Bakersfield 5 - Santa Cruz 4
TOP OF THE 7TH
Bakersfield Blaze batting - Pitching for Santa Cruz Cruisers : LHP Harvey Davis
Batting: LHB Osmar McIntyre 0-0: Swinging Strike
0-1: Foul Ball, location: 2F
0-2: Foul Ball, location: 2F
0-2: Ball
1-2: SINGLE (Groundball, 34D, EV 96.9 MPH)
Batting: RHB Leonard Collias 0-0: Bunt missed!
0-1: Sac Bunt to 13 - play at first, batter OUT! 1-4
Osmar McIntyre to second
Batting: RHB Carter Evans 0-0: Ball
1-0: Called Strike
1-1: Foul Ball, location: 2F
1-2: Foul Ball, location: 2F
1-2: Ball
2-2: Fly out, F7 (Flyball, 78M, EV 74.4 MPH)
Pitching: RHP Neymar Granville
Batting: RHB Chris Bamberger 0-0: Ball
1-0: Swinging Strike
1-1: Ball
2-1: Foul Ball, location: 2F
2-2: Ground out 5-3 (Groundball, 56, EV 103.1 MPH)
Top of the 7th over - 0 runs, 1 hit, 0 errors, 1 left on base; Bakersfield 5 - Santa Cruz 4
BOTTOM OF THE 7TH
Santa Cruz Cruisers batting - Pitching for Bakersfield Blaze : RHP Billy Bui
Batting: SHB Justin Mundy 0-0: Ball
1-0: Ground out U3 (Groundball, 3, EV 93.1 MPH)
Batting: RHB José Teniente 0-0: Foul Ball, location: 2F
0-1: Ball
1-1: Fly out, F8 (Flyball, 8LD, EV 88.1 MPH)
Batting: RHB Wilson Babin 0-0: Ball
1-0: Called Strike
1-1: Foul Ball, location: 2F
1-2: Ball
2-2: Fly out, F8 (Line Drive, 8RM, EV 86.9 MPH)
Bottom of the 7th over - 0 runs, 0 hits, 0 errors, 0 left on base; Bakersfield 5 - Santa Cruz 4
TOP OF THE 8TH
Bakersfield Blaze batting - Pitching for Santa Cruz Cruisers : RHP Neymar Granville
Batting: RHB Elpidio Crcamo 0-0: Fly out, F3 (Popup, 3SF, EV 80.0 MPH)
Batting: LHB Vishon Collins 0-0: Ball
1-0: SINGLE (Flyball, 8RS, EV 98.1 MPH)
Batting: RHB Charlie Johns 0-0: Foul Ball, location: 2F
0-1: Ball
1-1: Ball
2-1: Ball
3-1: Base on Balls
Vishon Collins to second
Pinch Runner at 2nd Jerry Fen:
Batting: RHB Ikerne Tejada 0-0: Ball
1-0: Ball
2-0: Ball
3-0: Swinging Strike
3-1: Called Strike
3-2: Strikes out swinging
Charlie Johns is caught stealing 2nd base 2-4
Jerry Fen steals 3rd base
Batter strikes out.
Top of the 8th over - 0 runs, 1 hit, 0 errors, 1 left on base; Bakersfield 5 - Santa Cruz 4
BOTTOM OF THE 8TH
Santa Cruz Cruisers batting - Pitching for Bakersfield Blaze : RHP Billy Bui
Now in RF: Jerry Fen
Batting: RHB Colton Shuster 0-0: Called Strike
0-1: Foul Ball, location: 2F
0-2: Strikes out swinging
Batting: RHB Brian Pinkham 0-0: Ball
1-0: Ball
2-0: Foul Ball, location: 2F
2-1: Swinging Strike
2-2: Fly out, F9 (Flyball, 9LM, EV 100.0 MPH)
Batting: LHB Daniel Calderon 0-0: Called Strike
0-1: Foul Ball, location: 2F
0-2: Ball
1-2: Hit by Pitch
Batting: SHB Van Cillo 0-0: Ball
1-0: Foul Ball, location: 2F
1-1: Ball
2-1: Fly out, F6 (Flyball, 56D, EV 88.8 MPH)
Bottom of the 8th over - 0 runs, 0 hits, 0 errors, 1 left on base; Bakersfield 5 - Santa Cruz 4
TOP OF THE 9TH
Bakersfield Blaze batting - Pitching for Santa Cruz Cruisers : RHP Neymar Granville
Batting: LHB Bryce Flynn 0-0: Foul Ball, location: 2F
0-1: Swinging Strike
0-2: Ball
1-2: Strikes out swinging
Batting: LHB Osmar McIntyre 0-0: Ball
1-0: Called Strike
1-1: Swinging Strike
1-2: Ball
2-2: Foul Ball, location: 2F
2-2: Strikes out swinging
Pitching: RHP Yelvin De La Cruz
Batting: RHB Leonard Collias 0-0: Swinging Strike
0-1: Ball
1-1: Foul Ball, location: 2F
1-2: Ball
2-2: Ball
3-2: SINGLE (Groundball, 6MD, EV 96.2 MPH)
Batting: RHB Carter Evans 0-0: Called Strike
Leonard Collias steals 2nd base
0-1: Ball
1-1: SINGLE (Line Drive, 8LM, EV 88.1 MPH)
Leonard Collias to third
Runner from 3rd tries for Home, SAFE, throw by CF to home
Carter Evans to second
Batting: LHB D.J. Magdaleno 0-0: Swinging Strike
0-1: Ball
1-1: Ball
2-1: Ball
3-1: Base on Balls
Batting: RHB Elpidio Crcamo 0-0: Ball
1-0: Fly out, F9 (Flyball, 9S, EV 86.9 MPH)
Top of the 9th over - 1 run, 2 hits, 0 errors, 2 left on base; Bakersfield 6 - Santa Cruz 4
BOTTOM OF THE 9TH
Santa Cruz Cruisers batting - Pitching for Bakersfield Blaze : RHP Billy Bui
Pitching: RHP Pep Newton
Batting: LHB Caleb Brown 0-0: Foul Ball, location: 2F
0-1: Ball
1-1: Foul Ball, location: 2F
1-2: Ball
2-2: Foul Ball, location: 2F
2-2: Ground out 6-3 (Groundball, 6, EV 83.8 MPH)
Batting: LHB Harvey Porter 0-0: Ball
1-0: Swinging Strike
1-1: Ball
2-1: Swinging Strike
2-2: Foul Ball, location: 2F
2-2: Foul Ball, location: 2F
2-2: Ball
3-2: Strikes out looking
Batting: SHB Justin Mundy 0-0: Fly out, F8 (Line Drive, 8LD, EV 91.9 MPH)
Bottom of the 9th over - 0 runs, 0 hits, 0 errors, 0 left on base; Bakersfield 6 - Santa Cruz 4
Monday, December 1st , 2025 - OOTP Baseball 26.8 Build 82